[Event "9th Porticcio Open 2024"]
[Site "Porticcio"]
[Date "2024.07.05"]
[Round "9.3"]
[White "Hamdouchi, Hicham"]
[Black "Bulmaga, Irina"]
[Result "1/2-1/2"]
[ECO "C67"]
[WhiteElo "2527"]
[BlackElo "2391"]
[Annotator "TA"]
[PlyCount "93"]
[EventDate "2024.07.01"]
[EventType "swiss"]
[EventCountry "FRA"]
[SourceTitle "playchess.com"]
[Source "ChessBase"]
[SourceQuality "1"]
[TimeControl "5400+30"]

1. e4 e5 2. Nf3 Nc6 3. Bb5 Nf6 4. O-O Nxe4 5. d4 Nd6 6. Bxc6 dxc6 7. dxe5 Nf5 8. Qxd8+ Kxd8 9. Nc3 Be7 10. Bf4 Nh4 11. Rad1+ Ke8 12. Nd4 Nf5 13. Nce2 Nxd4 14. Nxd4 Be6 15. Nxe6 fxe6 16. Be3 a5 17. f4 g6 18. Kf2 Rd8 19. Rxd8+ Bxd8 $14 {[%emt 0:04:35][%mdl 4096] Endgame. KRB-KRB} 20. Kf3 Be7 21. Rd1 h5 22. g3 b6 23. h3 Rh7 24. Kg2 Rh8 25. a4 Rh7 26. b3 Rh8 27. c4 {[%emt 0:04:53] White is more active.} Bc5 28. Bxc5 bxc5 {[%emt 0:00:03] KR-KR} 29. Kf3 Ke7 30. Rd3 Rh7 31. Kg2 Rh8 32. g4 hxg4 33. hxg4 Rh4 34. Rg3 Kf7 35. Rd3 Ke7 {[%emt 0:00:38] Against Rd7+} 36. Rh3 Rxh3 37. Kxh3 $11 {[%emt 0:00:18] KP-KP} Kf8 38. Kh4 Kf7 39. Kg5 (39. Kg3 $14) 39... Kg7 {[%emt 0:00:03] The position is equal.} 40. f5 gxf5 41. gxf5 exf5 42. Kxf5 {[%emt 0:00:12] [#] Threatening mate with e6.} Kf7 43. e6+ Ke7 44. Ke5 Ke8 45. Kf6 {[%emt 0:00:20] White threatens e7 and mate.} Kf8 46. e7+ Ke8 47. Ke6 {[%emt 0:18:24] Weighted Error Value: White=0.07 (flawless) /Black=0.05 (flawless) .  Mistake:       	White=1     	---        Inaccurate:     	White=1     	Black=2      OK:         	White=8     	Black=15     Best:        	---       	Black=3} 1/2-1/2

[Event "9th Porticcio Open 2024"]
[Site "Porticcio"]
[Date "2024.07.05"]
[Round "9.4"]
[White "Rakotomaharo, Fy Antenaina"]
[Black "Batsiashvili, Nino"]
[Result "1-0"]
[ECO "C50"]
[WhiteElo "2448"]
[BlackElo "2450"]
[Annotator "RC"]
[PlyCount "135"]
[EventDate "2024.07.01"]
[EventType "swiss"]
[EventCountry "FRA"]
[SourceTitle "playchess.com"]
[Source "ChessBase"]
[SourceQuality "1"]
[TimeControl "5400+30"]

1. e4 e5 2. Nf3 Nc6 3. Bc4 Nf6 4. d3 Bc5 5. Nc3 a6 6. a4 h6 7. h3 d6 8. Be3 Bxe3 9. fxe3 Be6 10. Nd2 Ne7 11. O-O Qd7 12. Qe1 Nh7 13. d4 Bxc4 14. Nxc4 Qe6 15. b3 O-O 16. Qg3 f6 17. Rad1 Rad8 18. a5 Ng5 19. Kh2 Rde8 20. d5 Qc8 21. h4 Nh7 22. Qh3 f5 23. exf5 Rxf5 24. Rxf5 Qxf5 25. Qxf5 Nxf5 26. Kh3 Rf8 27. Rf1 Ne7 28. Rxf8+ Kxf8 29. e4 Nf6 30. g3 Ke8 31. Kg2 Kd7 32. Kf3 h5 33. Nd1 g6 34. Nf2 Nc8 35. Ne3 c6 36. c4 cxd5 37. exd5 Ne7 38. g4 hxg4+ 39. Nfxg4 Nh5 40. Nh6 Nf4 41. Ke4 Ne2 42. b4 Kc7 43. Kf3 Nd4+ 44. Kg4 b6 45. axb6+ Kxb6 46. Kg5 Nf3+ 47. Kf6 Nc8 48. Ng2 a5 49. bxa5+ Kxa5 50. Kxg6 Kb4 51. h5 Kxc4 52. Nf5 Nb6 53. h6 Nd7 54. Kf7 Ng5+ 55. Kg6 Ne4 56. Kg7 Nef6 57. Nge3+ Kd3 58. Ng4 Nxg4 59. h7 Ke4 60. Nxd6+ Kxd5 61. Nf7 e4 62. h8=Q Ngf6 63. Qa8+ Kd4 64. Qa4+ Kc3 65. Nd6 e3 66. Qc4+ Kd2 67. Qd4+ Ke2 68. Nc4 1-0

[Event "9th Porticcio Open 2024"]
[Site "Porticcio"]
[Date "2024.07.05"]
[Round "9.5"]
[White "Priansh Das"]
[Black "Yankelevich, Lev"]
[Result "1/2-1/2"]
[ECO "C55"]
[WhiteElo "2263"]
[BlackElo "2416"]
[Annotator "TA"]
[PlyCount "146"]
[EventDate "2024.07.01"]
[EventType "swiss"]
[EventCountry "FRA"]
[SourceTitle "playchess.com"]
[Source "ChessBase"]
[SourceQuality "1"]
[TimeControl "5400+30"]

1. e4 e5 2. Nf3 Nc6 3. Bc4 Nf6 4. d3 Be7 5. O-O O-O 6. c3 d5 7. exd5 Nxd5 8. h3 Nb6 9. Bb3 Bf5 10. Re1 Qxd3 11. Qxd3 Bxd3 12. Nxe5 Nxe5 13. Rxe5 Bf6 14. Re1 Rfe8 15. Rxe8+ Rxe8 16. Be3 Nc4 17. Bxc4 Bxc4 18. Na3 Ba6 19. Rd1 b6 20. Rd7 Be5 21. Rd1 f5 22. g3 ({White should try} 22. Bc1 $15) 22... Kf7 (22... Bxg3 $1 $17 {...Be5 is the strong threat.} 23. Bxb6 axb6 24. fxg3 Re2 25. Rd8+ Kf7 26. Rd7+ Re7 27. Rxe7+ Kxe7) 23. Nc2 $15 c5 24. Rd7+ Re7 25. Rxe7+ Kxe7 {[%emt 0:00:02][%mdl 4096] Endgame. KBB-KBN} 26. f4 Bf6 27. Bd2 Bc4 28. a3 Kd6 29. Kf2 Bd3 30. Ne1 Be4 31. Nf3 Kd5 {[%emt 0:16:17] Strongly threatening ...Bxf3.} 32. Ne5 Bb1 33. Kf3 Be4+ (33... Ba2 $15) 34. Ke3 g5 35. c4+ Ke6 36. Bc3 gxf4+ 37. gxf4 (37. Kxf4 $11 Be7 38. Nf3) 37... Bg2 $17 38. Nf3 {[%emt 0:00:00] [#]} Bxc3 $1 (38... Bxh3 39. Ng5+ Bxg5 40. fxg5 $17) 39. bxc3 {[%emt 0:00:00] [#] KB-KN} h6 (39... Bxh3 $2 {perishes.} 40. Ng5+ Ke7 41. Nxh3 $18) (39... Bf1 $1 $17 40. Ng5+ Ke7) 40. h4 $11 {[%emt 0:00:00] The position is equal.} Bxf3 41. Kxf3 {[%emt 0:00:00] KP-KP} Kd6 {[%emt 0:00:36] White must now prevent ...Kc6.} 42. Ke3 Kc6 {[%emt 0:00:06] And now ...b5 would win.} 43. a4 a6 44. Kd3 b5 45. cxb5+ axb5 46. axb5+ Kxb5 {[%emt 0:00:01] ...h5 would now be deadly. K3P-K3P} 47. h5 Kb6 48. Kc2 c4 49. Kc1 Kc6 (49... Kc5 $5 50. Kd2 $8 Kc6 $11) 50. Kd2 Kb5 51. Kc2 Ka5 52. Kc1 Kb6 53. Kc2 Kc6 54. Kd2 Kd6 55. Ke2 Kd5 56. Ke3 Kc5 57. Kd2 $1 Kc6 58. Ke3 Kd5 (58... Kc5 $5) 59. Kf3 Kc6 60. Ke3 {[%emt 0:00:20] Intending Kd4 and mate.} Kc5 (60... Kd5 $5) 61. Kd2 $1 Kb5 (61... Kc6 $5) 62. Kc1 Ka4 (62... Kc6 $5 63. Kd2 $8 $11) 63. Kb2 Ka5 64. Kc1 Kb5 (64... Ka4 $5 65. Kb2 $8 Ka5 $11) 65. Kc2 Kb6 66. Kc1 Kc6 67. Kd2 Kc5 68. Ke3 Kd5 69. Kf3 Kc6 {[%emt 0:00:03] ( -> ...Kb5)} 70. Ke3 {[%emt 0:00:10] White threatens Kd4 and mate.} Kc5 (70... Kd5 $5) 71. Kd2 $1 Kc6 72. Ke3 {[%emt 0:00:10] Kd4 would kill now.} Kc5 (72... Kd5 $5) 73. Kd2 $1 Kb5 {[%emt 0:00:14] Weighted Error Value: White=0.08 (flawless) /Black=0.10 (very precise) .  Mistake:       	White=2     	Black=3      Inaccurate:     	White=4     	---        OK:         	White=24    	Black=21     Best:        	White=14    	Black=10     Strong:       	White=4     	Black=1} (73... Kc6 $5) 1/2-1/2

[Event "9th Porticcio Open 2024"]
[Site "Porticcio"]
[Date "2024.07.05"]
[Round "9.6"]
[White "Kavutskiy, Konstantin"]
[Black "Nevednichy, Vladislav"]
[Result "0-1"]
[ECO "E90"]
[WhiteElo "2345"]
[BlackElo "2471"]
[Annotator "RC"]
[PlyCount "82"]
[EventDate "2024.07.01"]
[EventType "swiss"]
[EventCountry "FRA"]
[SourceTitle "playchess.com"]
[Source "ChessBase"]
[SourceQuality "1"]
[TimeControl "5400+30"]

1. d4 g6 2. c4 Bg7 3. Nf3 d6 4. Nc3 Nd7 5. e4 e5 6. Be2 Ngf6 7. d5 a5 8. h3 Nc5 9. Qc2 Nh5 10. Bg5 f6 11. Be3 O-O 12. Bxc5 dxc5 13. O-O-O f5 14. g3 Nf6 15. Bd3 fxe4 16. Nxe4 Nxe4 17. Bxe4 Ra6 18. Kb1 Rb6 19. Rd3 Bf5 20. Qe2 a4 21. h4 Bg4 22. Rc1 Rbf6 23. Rcc3 Qe8 24. Qc2 b5 25. cxb5 c4 26. Rxc4 Qxb5 27. Rcc3 Qb4 28. Qe2 Bh6 29. a3 Qb5 30. Qc2 Bg7 31. Ka2 Kh8 32. Rc5 Qb6 33. Rc6 Rxc6 34. dxc6 Qb5 35. Qd2 Qc4+ 36. Ka1 Qxe4 37. Ng5 Qh1+ 38. Ka2 Qxc6 39. Rd8 Be6+ 40. Kb1 Bf5+ 41. Ka1 Qh1+ 0-1

[Event "9th Porticcio Open 2024"]
[Site "Porticcio"]
[Date "2024.07.05"]
[Round "9.7"]
[White "Derige Kane, Yan"]
[Black "Relange, Eloi"]
[Result "1/2-1/2"]
[ECO "B07"]
[WhiteElo "2237"]
[BlackElo "2442"]
[Annotator "TA"]
[PlyCount "97"]
[EventDate "2024.07.01"]
[EventType "swiss"]
[EventCountry "FRA"]
[SourceTitle "playchess.com"]
[Source "ChessBase"]
[SourceQuality "1"]
[TimeControl "5400+30"]

1. e4 d6 2. d4 Nf6 3. Nc3 e5 4. dxe5 dxe5 5. Qxd8+ Kxd8 6. Bc4 Ke8 7. f4 Bb4 8. Bd3 Nbd7 {[%emt 0:04:09][%cal Bb8d7,Bd7c5,Bc5d3][%mdl 32] White has an edge.} 9. Nf3 Nc5 10. O-O $1 Bxc3 11. bxc3 Nfxe4 12. Re1 Nxd3 (12... Nxc3 $2 13. Rxe5+ Ne6 14. f5 $18) 13. cxd3 Nxc3 ({Black should try} 13... Nd6 $1 $14) 14. Bb2 $1 $16 Na4 15. Bxe5 (15. Rxe5+ Be6) 15... Kf8 {[%emt 0:00:46] Black is weak on the dark squares} (15... f6 $16 {keeps fighting.}) 16. Rac1 $1 $18 h6 (16... f6 $16 {was necessary.}) 17. Rxc7 Kg8 (17... Nb6 $142 18. Bd6+ Kg8 19. Re8+ Kh7 20. Rxh8+ (20. Bf8 Be6 $14) 20... Kxh8 21. Rxf7 Kg8) 18. Rec1 $2 (18. Bd4 $18 {is more deadly.} Bg4 19. Ne5 (19. Rxb7 Rd8 $18)) 18... Be6 $2 {[%emt 0:02:10] [#]} (18... Nb6 $16 19. a4 f6) 19. Rxb7 $2 (19. Nd4 $1 $18 {[%cal Rd4e6] Nxe6 is the strong threat.} Re8 20. Rxb7) 19... Kh7 $16 20. Rcc7 {[%emt 0:05:48] White has more active pieces.} a5 21. a3 Rhc8 22. Nd4 Bd5 23. Rxc8 Rxc8 24. Rc7 Rb8 (24... Rxc7 $142 25. Bxc7 Nc5) 25. Nf5 Rb3 26. Nxg7 (26. Bxg7 Rxd3 27. Be5 (27. Bxh6 Rxa3 28. Bg7 Ra2 $14) 27... Nb6) (26. Ne3 $16 Be6 27. f5 Rb1+ 28. Kf2) 26... Nb2 $1 $14 {[%emt 0:05:53] [#]} 27. Rc3 {[%emt 0:04:20] Rxb3 would now be deadly.} Nxd3 28. Rxb3 Bxb3 $16 {[%emt 0:00:08][%mdl 4096] Endgame. KBN-KBN} 29. Nf5 $1 Kg6 30. Ne3 (30. Ne7+ $16 Kh7 31. Bc3) 30... Nxe5 $11 31. fxe5 {[%emt 0:00:01] KB-KN} f6 32. exf6 Kxf6 33. Kf2 Ke5 $1 34. Ke2 Kd4 (34... Ke4 $1 $11) 35. Kd2 (35. Nf5+ $16 Ke5 36. Nxh6) 35... Be6 {[%emt 0:00:12] The position is equal.} 36. g4 Ke4 37. h4 Kf4 38. g5 hxg5 39. hxg5 Kxg5 40. Kc3 Kf6 41. Nc4 Bxc4 42. Kxc4 {[%emt 0:00:04] KP-KP} Ke7 43. Kb5 Kd8 44. Kxa5 Kc8 45. Kb6 Kb8 46. a4 Ka8 47. a5 Kb8 48. a6 Ka8 49. a7 {[%emt 0:00:05] Blacks defense is rewarded with a draw.   Weighted Error Value: White=0.21 (precise) /Black=0.22 (precise) .  Loses game:     	---       	Black=1      Missed win:     	White=2     	---        Mistake:       	White=3     	Black=6      Inaccurate:     	---       	Black=1      OK:         	White=14    	Black=16     Best:        	White=2     	Black=5      Strong:       	White=4     	Black=2} 1/2-1/2

[Event "9th Porticcio Open 2024"]
[Site "Porticcio"]
[Date "2024.07.05"]
[Round "9.8"]
[White "Kuru, Atilla"]
[Black "Terrieux, Kevin"]
[Result "1/2-1/2"]
[ECO "C68"]
[WhiteElo "2314"]
[BlackElo "2408"]
[Annotator "TA"]
[PlyCount "134"]
[EventDate "2024.07.01"]
[EventType "swiss"]
[EventCountry "FRA"]
[SourceTitle "playchess.com"]
[Source "ChessBase"]
[SourceQuality "1"]
[TimeControl "5400+30"]

1. e4 e5 2. Nf3 Nc6 3. Bb5 a6 4. Bxc6 dxc6 5. Nc3 Bg4 6. h3 Bxf3 7. Qxf3 Qf6 8. Qg3 Ne7 {[%emt 0:02:16] C68: Ruy Lopez: Exchange Variation, sidelines.} 9. d3 Ng6 10. Bg5 $146 ({Predecessor:} 10. Be3 Be7 11. O-O-O O-O-O 12. Ne2 c5 13. f4 exf4 14. Nxf4 Nxf4 15. Bxf4 Rd7 16. Rhf1 {1-0 Isepy,J-Kiss,G HUN-chT2 9495 1994}) 10... Qe6 11. Qg4 Qd7 12. O-O-O Bc5 13. Be3 Qxg4 14. hxg4 Bxe3+ 15. fxe3 f6 16. Ne2 c5 17. Ng3 Nf8 18. d4 cxd4 19. exd4 exd4 20. Rxd4 Ne6 21. Rd2 Rd8 22. Rxd8+ Kxd8 23. Kd2 Ke7 24. Ke3 Kf7 25. Nf5 g6 26. Nh4 Re8 27. Nf3 Kg7 28. Rd1 Re7 29. Rd5 Kf7 30. b4 c6 31. Rd6 Nc7 32. c4 h6 33. a3 Re6 34. Rd8 Re8 35. Rd1 Re7 36. Rh1 Kg7 37. Rf1 Ne6 38. Rd1 Kf7 39. Rd6 Ng5 (39... a5 $11) 40. Nxg5+ $16 hxg5 41. Kf3 (41. Kd4 $16) 41... Re6 42. Rd1 Re7 43. Rh1 Kg7 44. Rd1 Kf7 45. a4 Ke6 46. Rh1 a5 47. bxa5 Kd6 48. Rb1 Kc5 49. Rb6 Rc7 (49... Kxc4 $6 50. a6 bxa6 51. Rxc6+ Kd4 52. Rxf6 $16 (52. Rxa6 Rc7 $16)) 50. Ke3 Rd7 51. Rb1 Re7 (51... Kxc4 $6 52. Rc1+ Kb4 53. a6 $14) 52. Kd3 Rd7+ 53. Kc3 Re7 54. Re1 Re5 55. Rb1 Re7 56. Rb2 Rxe4 57. Rxb7 Rxc4+ 58. Kb3 Re4 59. a6 Re3+ $1 (59... Rxg4 60. a7 Rg3+ 61. Ka2 Rxg2+ 62. Rb2 Rxb2+ 63. Kxb2 $18) 60. Ka2 Re4 61. Ka3 Re3+ 62. Ka2 Re4 63. Kb3 Re3+ $1 (63... Rxg4 64. a7 Rg3+ 65. Ka2 Rxg2+ 66. Rb2 Rxb2+ 67. Kxb2 $18) 64. Kb2 Re4 65. Kb3 (65. Ka3 $5 Re3+ $8 66. Rb3 Rxb3+ 67. Kxb3 $11) 65... Re3+ $1 (65... Rxg4 66. a7 Rg3+ 67. Ka2 Rxg2+ 68. Rb2 Rxb2+ 69. Kxb2 $18) 66. Kb2 Re4 67. Kb3 Rf4 $2 (67... Rxg4 $2 {too greedy.} 68. a7 Rg3+ 69. Ka2 Rxg2+ 70. Rb2 Rxb2+ 71. Kxb2 $18) (67... Re3+ $11 68. Ka2) 1/2-1/2

[Event "9th Porticcio Open 2024"]
[Site "Porticcio"]
[Date "2024.07.05"]
[Round "9.9"]
[White "Daulet, Alikhan"]
[Black "Coriat, Caroline"]
[Result "0-1"]
[ECO "D00"]
[WhiteElo "1877"]
[BlackElo "1852"]
[Annotator "NA RC"]
[PlyCount "168"]
[EventDate "2024.07.01"]
[EventType "swiss"]
[EventCountry "FRA"]
[SourceTitle "playchess.com"]
[Source "ChessBase"]
[SourceQuality "1"]
[TimeControl "5400+30"]

1. d4 d5 2. Nc3 Nf6 3. Bf4 c6 4. e3 Bg4 5. f3 Bf5 6. g4 {[%emt 0:00:13] D00: 1 d4 d5: Unusual lines.} Bg6 7. h4 h5 8. g5 Nfd7 9. e4 e6 10. Bd3 Bb4 11. exd5 exd5 12. Bxg6 fxg6 13. Qd3 Qe7+ 14. Kf2 O-O 15. Bxb8 Raxb8 16. Qxg6 Rbe8 17. Qd3 Rf4 18. Nge2 Rf7 19. Raf1 Bd6 20. Ke1 Qe3 21. Qxe3 Rxe3 22. Rh3 Bb4 23. Kf2 Rfe7 24. Rd1 Nb6 25. Rd3 Nc4 26. b3 Rxd3 27. cxd3 Ne3 28. Nb1 Nc2 29. f4 (29. Rh1 $17) 29... g6 30. a3 Be1+ 31. Kf1 Rf7 32. Rh2 Kf8 33. a4 Bb4 34. Rf2 Ne3+ 35. Kg1 Nf5 36. Kh2 Nxh4 37. Nbc3 Nf5 38. Nd1 Re7 39. Ng1 Re1 40. Nb2 Nxd4 41. f5 gxf5 42. Nh3 Re2 43. Rxe2 $19 Nxe2 44. Kg2 Bd2 45. Kf2 Nf4 46. Ng1 Bc1 47. Nd1 Nxd3+ 48. Ke2 Nc5 49. Nf3 Nxb3 50. Nf2 Nc5 51. a5 Ne4 52. Nh3 b6 53. a6 Nc5 54. Nd4 Nxa6 55. Nxc6 Nc5 56. Nxa7 Ne4 57. g6 Kg7 58. Nc8 Kxg6 59. Ne7+ Kf7 60. Nxd5 b5 61. Kd3 Bd2 62. Kd4 b4 63. Nxb4 Bxb4 64. Ke5 Ng3 65. Kf4 h4 66. Kf3 Bd2 67. Nf2 Be1 68. Nh3 Kf6 69. Kg2 Bd2 70. Ng1 Nh5 71. Nf3 Bg5 72. Kh3 Nf4+ 73. Kh2 Ng6 74. Kh3 Ne5 75. Ng1 f4 76. Kg2 Kf5 77. Nh3 f3+ 78. Kh1 Kg4 79. Nf2+ Kf4 80. Nh3+ Ke3 81. Kg1 Ke2 82. Nxg5 f2+ 83. Kh2 Nf3+ 84. Nxf3 Kxf3 0-1

[Event "9th Porticcio Open 2024"]
[Site "Porticcio"]
[Date "2024.07.05"]
[Round "9.10"]
[White "Deladerriere, Helio"]
[Black "Grisoni, Emma"]
[Result "1-0"]
[ECO "A47"]
[WhiteElo "1850"]
[BlackElo "1746"]
[Annotator "NA RC"]
[PlyCount "57"]
[EventDate "2024.07.01"]
[EventType "swiss"]
[EventCountry "FRA"]
[SourceTitle "playchess.com"]
[Source "ChessBase"]
[SourceQuality "1"]
[TimeControl "5400+30"]

1. d4 Nf6 2. Nf3 e6 3. e3 b6 4. Bd3 Bb7 5. Nbd2 Be7 6. O-O d6 7. b3 Nfd7 8. Bb2 O-O 9. e4 Nc6 10. a3 e5 11. d5 Ncb8 12. Re1 g6 13. c4 $14 Nc5 14. Bc2 Bc8 15. b4 Nb7 16. Nb3 Nd7 17. Nfd2 Qe8 18. Rf1 f5 19. f4 exf4 20. exf5 g5 21. Re1 Ne5 22. Nd4 Qd7 23. Ne6 Rf7 24. Ba4 c6 25. dxc6 Nxc6 26. Kh1 Nbd8 27. Ne4 Rxf5 28. Nxd8 Bxd8 29. Nxd6 1-0